 Dungeon Crawl Stone Soup version 0.25.0-11-g1f837a76a1 (webtiles) character file.

Game seed: 8516079778517320386

231 xccam the Cudgeler (level 6, 0/35 HPs)
             Began as a Tengu Warper on June 26, 2020.
             Succumbed to an adder's poison
             ... on level 3 of the Dungeon.
             The game lasted 00:04:01 (3246 turns).

xccam the Cudgeler (Tengu Warper)                   Turns: 3246, Time: 00:04:02

Health: 0/35       AC:  6    Str: 14    XL:     6   Next: 4%
Magic:  10/10      EV: 10    Int: 13    God:
Gold:   163        SH:  0    Dex: 13    Spells: 9/9 levels left

rFire    . . .     SeeInvis .   a - +0 mace
rCold    + . .     Gourm    .   (no shield)
rNeg     . . .     Faith    .   i - +1 ring mail {rC+}
rPois    .         Spirit   .   (helmet restricted)
rElec    .         Reflect  .   (no cloak)
rCorr    .         Harm     .   (no gloves)
MR       .....                  (boots unavailable)
Stlth    +.........             (no amulet)
HPRegen  0.11/turn              (no ring)
MPRegen  0.12/turn              (no ring)

@: mighty, lethally poisoned (0 -> -2), flying quickly and evasively,
constricted, quick
A: beak, talons 3, able to fly
a: Stop Flying


You were on level 3 of the Dungeon.
You were not hungry.

You visited 1 branch of the dungeon, and saw 3 of its levels.

You collected 163 gold pieces.

Inventory:

Hand Weapons
 a - a +0 mace (weapon)
Missiles
 c - 6 boomerangs
 e - 2 boomerangs of dispersal (quivered)
Armour
 b - a +0 leather armour
 h - a +0 scale mail
 i - a +1 ring mail of cold resistance (worn)
Scrolls
 d - a scroll of blinking
 g - a scroll of magic mapping {unknown}
 k - a scroll of teleportation {unknown}
 l - 2 scrolls of identify {unknown}
 m - a scroll of remove curse {unknown}
 n - 2 scrolls of amnesia {unknown}
Potions
 o - a potion of might
Comestibles
 f - 8 rations
 j - 5 chunks of flesh


   Skills:
 - Level 2.0 Fighting
 + Level 6.2 Maces & Flails
 - Level 1.0 Throwing
 + Level 1.9 Armour
 + Level 2.7 Dodging
 - Level 2.0 Spellcasting
   Level 2.4 Translocations


You had 9 spell levels left.
You didn't know any spells.
Your spell library contained the following spells:

 Spells                   Type           Power        Failure   Level  Hunger
 Blink                    Tloc           N/A          28%         2    ###....
 Shroud of Golubria       Chrm/Tloc      #.....       43%         2    ###....
 Gell's Gravitas          Tloc           #.........   50%         3    ####...
 Lesser Beckoning         Tloc           #.........   50%         3    ####...
 Teleport Other           Tloc           #.......     50%         3    ####...
 Passage of Golubria      Tloc           N/A          88%         4    #####..


Dungeon Overview and Level Annotations

Branches:
Dungeon (3/15)

Altars:
Xom


Innate Abilities, Weirdness & Mutations

You have a beak for a mouth.
You have claws for feet.
You can fly continuously.


Message History

The gnoll hits you from afar with a +0 spear!
The ball python bites you. The ball python constricts you.
The kobold barely misses you.
Unknown command.
You sock the adder!
The adder is severely wounded.
The adder barely misses you. The adder bites you.
The gnoll hits you from afar with a +0 spear.
* * * LOW HITPOINT WARNING * * *
The gnoll hits you from afar with a +0 spear.
* * * LOW HITPOINT WARNING * * *
The ball python closely misses you. The ball python constricts you.
The adder misses you. The adder bites you.
* * * LOW HITPOINT WARNING * * *
You are lethally poisoned!
The adder poisons you! The kobold hits you but does no damage.
Unknown command.
It was a potion of might.
You feel very mighty all of a sudden.
You die...

.# #.....###g..#..##
.# #.....###†......#
#.#
#....###..###...#
..# ###÷.......##
### ......
)####.........g#
#.....
...##........#g#####
#....)
.........###.#gg...#
##.... ...#..####
#...S#### #.....
...#..# ####.@K.#
.#..... ......#
##SS..# #....$.
......# ##.....#
....... .......#
...($# .......
.......# .......
......S .........
#...... .......
........## ......
....... .......>.
...... .......
......<. .......


You could see 4 gnolls, 2 adders, a ball python and a kobold.

Vanquished Creatures
  3 orc wizards (D:2)
  Terence (D:2)
  6 adders
  A worm (D:3)
  A dart slug (D:2)
  A leopard gecko (D:2)
  2 orcs
  2 giant cockroaches (D:2)
  3 goblins
  8 hobgoblins
  3 jackals (D:1)
  11 kobolds
  2 quokkas (D:2)
  A ball python (D:1)
  10 bats
  3 frilled lizards
  8 rats
66 creatures vanquished.

Notes
Turn   | Place    | Note
-------+----------+-------------------------------------------
     0 | D:1      | xccam the Tengu Warper began the quest for the Orb.
     0 | D:1      | Reached XP level 1. HP: 12/12 MP: 4/4
   198 | D:1      | Reached XP level 2. HP: 17/17 MP: 6/6
   205 | D:1      | Reached skill level 3 in Maces & Flails
   779 | D:1      | Reached XP level 3. HP: 6/21 MP: 7/7
  1107 | D:2      | Found a shimmering altar of Xom.
  1118 | D:2      | Reached skill level 4 in Maces & Flails
  1118 | D:2      | HP: 1/21 [poisoned by an adder]
  1662 | D:2      | Reached XP level 4. HP: 21/26 MP: 8/8
  2017 | D:2      | Noticed Terence
  2054 | D:2      | Killed Terence
  2054 | D:2      | Reached skill level 5 in Maces & Flails
  2512 | D:2      | Gained mutation: You can fly continuously. [Tengu growth]
  2512 | D:2      | Reached XP level 5. HP: 26/30 MP: 9/9
  2982 | D:2      | Reached skill level 6 in Maces & Flails
  3222 | D:3      | Reached XP level 6. HP: 31/35 MP: 10/10
  3245 | D:3      | HP: 1/35 [adder (4)]
  3246 | D:3      | Succumbed to an adder's poison

Illustrated notes

Levels and vault maps discovered:
D:1:      ncdulo_watergridlock, layout_rooms, serial_curves, eino_curves_03,
          eino_curves_04, eino_curves_03
D:2:      layout_basic, nicolae_overflow_hidden_temple, dk_noncrumbling_3,
          supply_closet_lemuel, uniq_terence
D:3:      layout_rooms, amethyst_overflow_temple_binary, hex_intersection,
          grunt_ministairs_11

Skill      XL: |  1  2  3  4  5 |
---------------+----------------+-----
Maces & Flails | 3 4 5 6 |  6.2
Fighting       | |  2.0
Throwing       | |  1.0
Armour         | |  1.9
Dodging        | |  2.7
Spellcasting   | |  2.0
Translocations | |  2.4

Action                   |  1- 3 |  4- 6 || total
-------------------------+-------+-------++-------
Melee: Mace              |   100 |   108 ||   208
       Kick              |    20 |    17 ||    37
       Peck              |    12 |    17 ||    29
Throw: Boomerang         |       |     3 ||     3
 Abil: Fly               |       |     1 ||     1
  Use: Potion            |     2 |     3 ||     5
  Eat: Chunk             |     2 |     6 ||     8
Armor: Leather armour    |    27 |     2 ||    29
       Ring mail         |       |    50 ||    50
Dodge: Dodged            |    71 |    98 ||   169
